 Dungeon Crawl Stone Soup version 0.29-a0-878-g7b45a56547 (webtiles) character file.

Game seed: 436009004602534762

498 Destapler the Chopper (level 7, -2/61 HPs)
             Began as a Hill Orc Fighter on July 20, 2022.
             Was a Priest of Trog.
             Slain by a yak (8 damage)
             ... on level 6 of the Dungeon.
             The game lasted 00:12:53 (3568 turns).

Destapler the Chopper (Hill Orc Fighter)            Turns: 3568, Time: 00:12:54

Health: -2/61      AC:  9    Str: 23    XL:     7   Next: 16%
Magic:  7/7        EV:  9    Int:  8    God:    Trog [***...]
Gold:   284        SH:  9    Dex: 10    Spells: 6/6 levels left

rFire   + . .      SeeInvis .   b - +8 broad axe of Premature Burial {freeze, Str+2}
rCold   . . .      Faith    +   x - +1 kite shield
rNeg    + . .      Spirit   .   y - +1 ring mail of Disaster {rElec rF+ rN+}
rPois   .          Reflect  .   C - +0 helmet
rElec   +          Harm     .   (no cloak)
rCorr   .          Rampage  .   c - +0 pair of gloves
Will    +....                   (no boots)
Stlth   ..........              o - amulet of faith
HPRegen 1.20/turn               (no ring)
MPRegen 0.10/turn               (no ring)

@: weak-willed, strong-willed (expiring), regenerating (expiring)
A: no striking features
a: Renounce Religion, Berserk, Trog's Hand


You were on level 6 of the Dungeon.
You worshipped Trog.
Trog was most pleased with you.
You visited 1 branch of the dungeon, and saw 6 of its levels.

You collected 284 gold pieces.

Inventory:

Hand Weapons
 a - a +2 vorpal hand axe
 b - the +8 broad axe of Premature Burial (weapon) {freeze, Str+2}
   (You acquired it on level 6 of the Dungeon)

   It freezes those it strikes, dealing additional cold damage.
   It can also slow down cold-blooded creatures.
   Str:       It affects your strength (+2).
 g - a +0 war axe
Missiles
 B - 8 poisoned darts (quivered)
Armour
 c - a +0 pair of gloves (worn)
 m - a +0 chain mail
 x - a +1 kite shield (worn)
 y - the +1 ring mail of Disaster (worn) {rElec rF+ rN+}
   (You found it on level 3 of the Dungeon)

   rF:        It protects you from fire.
   rElec:     It insulates you from electricity.
   rN:        It protects you from negative energy.
 C - a +0 helmet (worn)
Jewellery
 o - an amulet of faith (around neck)
Scrolls
 e - a scroll of fog
 i - 2 scrolls of noise
 q - a scroll of immolation {unknown}
 t - a scroll of amnesia
 v - a scroll of enchant armour
Potions
 d - a potion of might
 k - 3 potions of haste
 n - a potion of flight
 r - a potion of magic {unknown}
 s - 2 potions of curing
 u - a potion of resistance {unknown}
 w - a potion of brilliance {unknown}


   Skills:
 + Level 5.2 Fighting
 * Level 6.2 Axes
 + Level 1.6 Throwing
 + Level 4.8 Armour
 + Level 4.7 Shields


You had 6 spell levels left.
You didn't know any spells.
Your spell library contained the following spells:

 Spells                   Type           Power      Damage    Failure   Level
 Freeze                   Ice            0%         1d3       89%         1
 Scorch                   Fire           0%         2d5       96%         2
 Frozen Ramparts          Ice            0%         1d2       99%         3
 Flame Wave               Conj/Fire      0%         2d4       100%        4
 Hailstorm                Conj/Ice       0%         3d3       100%        4
 Leda's Liquefaction      Hex/Erth       0%         N/A       100%        4
 Lee's Rapid Deconstruct  Erth           0%         3d5*      100%        5
 Statue Form              Tmut/Erth      0%         N/A       100%        6
 Summon Cactus Giant      Summ           0%         N/A       100%        6


Dungeon Overview and Level Annotations

Branches:
Dungeon (7/15)
 Temple: D:4-7

Altars:
Trog
Wu Jian


Message History

You block the killer bee's attack.
A sky beast appears from thin air!
Reactivating autopickup.
The sky beast barely misses you.
The killer bee stings you but does no damage.
You hit the sky beast but do no damage.
The sky beast is severely wounded.
You closely miss the killer bee. You hit the yak but do no damage.
The killer bee stings you.
* * * LOW HITPOINT WARNING * * *
The yak barely misses you. The sky beast barely misses you.
The killer bee stings you.
* * * LOW HITPOINT WARNING * * *
The yak gores you.
* * * LOW HITPOINT WARNING * * *
As you read the scroll labelled POUROUXIQY, it crumbles to dust.
The scroll dissolves into smoke.
It was a scroll of fog.
You block the killer bee's attack.
The sky beast hits you but does no damage.
The killer bee stings you but does no damage.
The yak gores you.
* * * LOW HITPOINT WARNING * * *
This is a scroll of acquirement!
Something appears at your feet!
You feel the effects of Trog's Hand fading.
The killer bee closely misses you. The sky beast hits you.
* * * LOW HITPOINT WARNING * * *
The sky beast shocks you. You resist.
* * * LOW HITPOINT WARNING * * *
The killer bee stings you.
* * * LOW HITPOINT WARNING * * *
You block the yak's attack.
You feel stronger.
The +8 broad axe of Premature Burial {freeze, Str+2} glows with a cold blue light!
b - the +8 broad axe of Premature Burial (weapon)
{freeze, Str+2} You block the killer bee's attack.
The sky beast barely misses you.
You open the door.
A jelly comes into view.
The jelly quivers.
You block the killer bee's attack. x2; The yak gores you!
You die...

***,,,,,**,,,,**,,*,,,,,,,,,,,,,,
,**,,,,,**,,,,**,,*,,,,,,,*+**,,,
,,,,,,,*****,,,*,,*,,,,,,,*,,*,,,
,,,,,,,*,8,*,,**,,*,,,,,,,*,,*,,,
,,,,,,,*,,,*,,*#######+#***,,*,,,
,,,,,,,**+**,,,#†.......,**,,*,,,
,,,,,,,,,,,,,,,#YYY.....,,*,,*,,,
,**,,,,,,,,,,,,#YyY.....,,*,,',,,
,**,,,,,*,,,,,*#@Y#*,,,,,**,,*,,,
,,,,,,,,+,,,,,*#'##*,,,,,**,,*,,,
,,,,,,,,*,,,,,,#..,,,,,,,,,,,*,,,
,,,,,,,,*,,,,,,....,,,,,,,,,,*,,,
,,,,,,,,,,,,,,,.....,,,,,,,,,*,,,
,,,,,,,,,,,,,,..J....,,,,,,,,*,,,
,,,,,,*,,,,,*,....#...,,*,,,**,,,
,*,,,,*,***,*.###.#.###,*,,,**,,,
,,,,,,*,,,,,*,,,,,*,,,,,*,,,**,,,


You could see 5 yaks, a sky beast (weak-willed), a jelly and a killer bee
(weak-willed).

Vanquished Creatures
  A yak (D:6)
  A bullfrog (D:6)
  2 hounds
  An orc priest (D:3)
  An iguana (D:3)
  Robin (D:4)
  2 adders
  2 ufetubi (D:4)
  4 worms
  3 dart slugs
  4 orcs (D:3)
  6 endoplasms
  6 giant cockroaches
  15 goblins
  7 hobgoblins
  3 quokkas
  13 ball pythons
  3 bats
  A frilled lizard (D:1)
  9 kobolds
  8 rats
93 creatures vanquished.

Vanquished Creatures (others)
  An orc wizard (D:7)
  10 plants
  4 toadstools (D:1)
  2 withered plants (D:6)
17 creatures vanquished.

Grand Total: 110 creatures vanquished

Notes
Turn   | Place    | Note
-------+----------+-------------------------------------------
     0 | D:1      | Destapler the Hill Orc Fighter began the quest for the Orb.
     0 | D:1      | Reached XP level 1. HP: 19/19 MP: 1/1
   147 | D:1      | Reached skill level 3 in Axes
   147 | D:1      | Reached XP level 2. HP: 14/27 MP: 2/2
   614 | D:1      | Reached XP level 3. HP: 25/33 MP: 3/3
   945 | D:1      | Found a faded altar of an unknown god.
   951 | D:1      | Prayed at the altar of an unknown god.
   951 | D:1      | Became a worshipper of Trog the Wrathful
   951 | D:1      | Reached * piety under Trog
  1674 | D:2      | Reached XP level 4. HP: 18/40 MP: 4/4
  2308 | D:3      | Reached ** piety under Trog
  2309 | D:3      | Reached skill level 4 in Axes
  2380 | D:3      | Identified the +1 ring mail of Disaster {rElec rF+ rN+}
  2529 | D:3      | Reached XP level 5. HP: 45/47 MP: 5/5
  2828 | D:3      | Found an ornate altar of the Wu Jian Council.
  3186 | D:4      | Noticed Robin
  3204 | D:3      | Reached skill level 5 in Axes
  3348 | D:4      | Killed Robin
  3374 | D:4      | Reached XP level 6. HP: 52/53 MP: 6/6
  3397 | D:4      | Reached *** piety under Trog
  3491 | D:4      | You fall into a shaft and drop 3 floors!
  3516 | D:7      | Noticed a steam dragon
  3517 | D:7      | Noticed a sky beast
  3521 | D:7      | Reached skill level 1 in Throwing
  3546 | D:6      | Noticed a yak
  3546 | D:6      | Noticed a yak
  3546 | D:6      | Noticed a yak
  3546 | D:6      | Noticed a yak
  3547 | D:6      | Noticed a yak
  3550 | D:6      | Noticed a yak
  3559 | D:6      | Killed a yak
  3560 | D:6      | Reached skill level 5 in Fighting
  3560 | D:6      | Reached skill level 6 in Axes
  3560 | D:6      | Reached XP level 7. HP: 12/61 MP: 7/7
  3566 | D:6      | Identified a scroll of acquirement
  3566 | D:6      | Acquired the +8 broad axe of Premature Burial {freeze,
                  | Str+2}
  3568 | D:6      | Slain by a yak

Illustrated notes

Levels and vault maps discovered:
D:1:      minmay_arrival_loop, layout_basic, shapermc_ecumenical_altar_pompeii,
          minmay_gold_behind_fungi, minmay_vboxes
D:2:      layout_loops_cross, serial_bayou_pond_b
D:3:      layout_loops_ring, nzn_wu_jian_contemplation, dreamdust_wishing_well
D:4:      layout_basic, lemuel_blue_sif_altar, cheibrodos_gnoll_hut,
          uniq_natasha, uniq_robin
D:6:      hangedman_cross_stitches, layout_gridville, gammafunk_ghost_grave,
          supply_closet_lemuel, pf_guarded_unrand_meek
D:7:      nzn_winding_woodlands_small [nzn_winding_woodlands_5x15_sidewinder,
          nzn_winding_woodlands_center_garden,
          nzn_winding_woodlands_5x15_pathside_ponds], layout_rooms

Skill      XL: |  1  2  3  4  5  6 |
---------------+-------------------+-----
Axes           | 3 4 5 6 |  6.2
Fighting       | 4 5 |  5.2
Armour         | 4 |  4.8
Shields        | 4 |  4.7
Throwing       | 1 |  1.6

Action                   |  1- 3 |  4- 6 |  7- 9 || total
-------------------------+-------+-------+-------++-------
Melee: War axe           |    12 |       |       ||    12
       Hand axe          |    85 |    99 |     4 ||   188
Throw: Dart              |       |     4 |       ||     4
Invok: Berserk           |       |     1 |       ||     1
       Trog's Hand       |       |     1 |       ||     1
  Use: Scroll            |       |    12 |     2 ||    14
       Potion            |       |     2 |     1 ||     3
Armor: Scale mail        |    33 |       |       ||    33
       Chain mail        |    20 |     9 |       ||    29
       Ring mail         |       |    70 |     9 ||    79
Dodge: Dodged            |    39 |    52 |     9 ||   100
Block: Buckler           |    12 |       |       ||    12
       Kite shield       |       |    70 |     9 ||    79

Table legend: (Time is in decaauts)
 A = Elapsed time spent in this place.
 B = Non-inter-level travel time spent in this place.
 C = Inter-level travel time spent in this place.
 D = Time resting spent in this place.
 E = Time spent auto-exploring this place.
 F = Levels seen in this place.
 G = Mean time per level.
                   A        B        C        D        E       F      G
               +--------+--------+--------+--------+--------+-----+--------+
         Total |   3619 |   3431 |    188 |    400 |   2410 |   6 |  603.2 |
       Dungeon |   3619 |   3431 |    188 |    400 |   2410 |   6 |  603.2 |
               +--------+--------+--------+--------+--------+-----+--------+

Top non-repeatable levels by time:
     D:1: 1372 daAuts
     D:3: 1052 daAuts
     D:2: 921 daAuts
     D:4: 195 daAuts
     D:7: 55 daAuts
     D:6: 22 daAuts
